AoeStats
← Da Zap

Nomad

508575395Analyzed
3v3 RM · 9d ago on Sep 23, 2026· 48m 10s· 6 players
Game mode
Random Map
Map size
210×210
Population
200
Speed
Normal
Resources
Standard
Victory
Conquest
Starting age
Dark Age
Ending age
Imperial Age
RankedLock teamsTeams togetherTeam positionsShared explorationLock speedFull tech treeHidden civsTurbo modeCheats
Victory
Defeat
🇺🇸 Saxons · United States
949
+13
🇺🇸 Varangians · United States
919
+14
🇳🇿 Italians · New Zealand
901
+15
🇦🇷 Bengalis · Argentina
994
-19
🇨🇱 Turks · Chile
848
-13
🇦🇷 Hindustanis · Argentina
787
-10
PAPU
5:09 Loom
14:56 Feudal Age
17:16 Wheelbarrow
19:13 Bloodlines
26:02 Castle Age
24:53 Scale Barding Armor
27:14 Husbandry
28:01 Double-Bit Axe
31:12 Chain Barding Armor
33:24 Double-Bit Axe
33:40 Stone Mining
35:01 Fletching
37:27 Ballistics
40:36 Man-at-Arms
42:11 Long Swordsman
42:53 Squires
44:21 Hand Cart
45:34 Horse Collar
48:50 Imperial Age
Gordo
5:33 Loom
15:56 Feudal Age
17:06 Town Watch
21:32 Castle Age
22:49 Double-Bit Axe
22:59 Stone Mining
22:51 Horse Collar
27:32 Medium Warships
30:05 Fletching
35:23 Padded Archer Armor
35:19 Bodkin Arrow
37:11 Leather Archer Armor
44:48 Imperial Age
43:31 Wheelbarrow
42:56 Town Patrol
43:03 Elite Skirmisher
46:31 Ring Archer Armor
46:01 Bracer
46:39 Scale Barding Armor
46:47 Forging
47:18 Conscription
Zeraphim
4:32 Loom
15:21 Feudal Age
16:19 Town Watch
16:35 Double-Bit Axe
20:01 Horse Collar
25:49 Castle Age
28:53 Husbandry
29:04 Bloodlines
28:15 Light Cavalry
31:20 Wheelbarrow
32:08 Heavy Plow
32:22 Bow Saw
32:27 Forging
32:07 Fletching
36:05 Iron Casting
35:21 Fletching
35:32 Padded Archer Armor
35:32 Scale Mail Armor
35:38 Scale Barding Armor
43:28 Imperial Age
43:07 Elite Skirmisher
45:16 Murder Holes
45:43 Ballistics
45:35 Masonry
48:58 Chemistry
Charrito13
8:21 Loom
14:51 Feudal Age
16:06 Horse Collar
17:21 Double-Bit Axe
22:31 Castle Age
24:38 Light Cavalry
25:55 Bow Saw
26:23 Stone Mining
26:25 Gold Mining
26:32 Gold Mining
27:52 Wheelbarrow
27:56 Husbandry
28:06 Bloodlines
28:21 Scale Barding Armor
28:35 Forging
28:38 Heavy Plow
29:21 Medium Warships
36:15 Hand Cart
36:44 Gold Shaft Mining
38:44 Imperial Age
36:25 Scale Mail Armor
37:00 Padded Archer Armor
36:53 Fletching
37:38 Iron Casting
38:47 Elite Longship
41:11 Conscription
42:08 Two-Man Saw
45:51 Chemistry
45:11 Ballistics
45:54 Chemistry
44:30 Elite Hearth Troop
46:06 Chain Barding Armor
45:42 Bodkin Arrow
45:47 Padded Archer Armor
46:03 Chain Mail Armor
46:34 Elite Varangian Guard
47:39 Shield Wall
Da Zap
7:11 Loom
15:58 Feudal Age
19:19 Bloodlines
21:47 Castle Age
21:42 Double-Bit Axe
22:18 Horse Collar
23:04 Forging
23:00 Scale Barding Armor
25:57 Bow Saw
27:47 Wheelbarrow
27:24 Husbandry
30:34 Hand Cart
30:40 Gold Mining
31:23 Vendel Legacy
33:58 Chain Barding Armor
34:20 Iron Casting
41:57 Imperial Age
42:16 Heavy Plow
43:03 Conscription
42:08 Elite Jarl
44:22 Blast Furnace
43:58 Plate Barding Armor
funnyprofilename
8:05 Loom
14:28 Feudal Age
15:18 Fishing Lines
17:30 Double-Bit Axe
20:20 Castle Age
18:07 Horse Collar
18:21 Fletching
22:09 Bodkin Arrow
24:14 Bow Saw
25:48 Wheelbarrow
25:20 Gold Mining
26:58 Padded Archer Armor
30:17 Imperial Age
28:52 Heavy Plow
29:50 Ballistics
29:55 Leather Archer Armor
30:25 Hand Cart
31:21 Bracer
31:50 Bloodlines
32:20 Husbandry
31:44 Light Cavalry
33:16 Scale Barding Armor
34:23 Chain Barding Armor
34:35 Ring Archer Armor
35:41 Chemistry
34:54 Masonry
36:28 Plate Barding Armor
40:46 Architecture
41:34 Town Watch
41:16 Elite Genoese Crossbowman
42:12 Forging
41:47 Elite Skirmisher
42:33 Thumb Ring
44:13 Hussar
45:33 Iron Casting
48:21 Crop Rotation
48:56 Two-Man Saw
Connection lost

Rejoining the realm…

Still unreachable

The connection could not be restored.

Session expired

The server has moved on; the page needs a fresh start.